 Dungeon Crawl Stone Soup version 0.24-a0-346-ge062c78e24 (console) character file.

Game seed: 13833096857971508209

858 Dragon00 the Chopper (level 7, -2/63 HPs)
             Began as a Minotaur Berserker on May 22, 2019.
             Was a Priest of Trog.
             Shot with an arrow by a centaur (15 damage)
             ... on level 5 of the Dungeon.
             The game lasted 00:25:05 (4714 turns).

Dragon00 the Chopper (Minotaur Berserker)           Turns: 4714, Time: 00:25:05

Health: -2/63      AC:  2    Str: 22    XL:     7   Next: 71%
Magic:  6/6        EV: 14    Int:  4    God:    Trog [***...]
Gold:   142        SH:  0    Dex: 11    Spells: 6/6 levels left

rFire    . . .     SeeInvis .   a - +0 war axe
rCold    . . .     Gourm    .   (no shield)
rNeg     . . .     Faith    .   b - +0 animal skin
rPois    .         Spirit   .   (helmet restricted)
rElec    .         Reflect  .   (no cloak)
rCorr    .         Harm     .   (no gloves)
MR       .....                  (no boots)
Stlth    +.........             (no amulet)
HPRegen  0.20/turn              (no ring)
MPRegen  0.10/turn              (no ring)

@: lethally poisoned (-2 -> -3)
A: retaliatory headbutt, horns 2
a: Berserk, Trog's Hand, Renounce Religion


You were on level 5 of the Dungeon.
You worshipped Trog.
Trog was most pleased with you.
You were not hungry.

You visited 2 branches of the dungeon, and saw 6 of its levels.

You collected 142 gold pieces.

Inventory:

Hand Weapons
 a - a +0 war axe (weapon)
Missiles
 g - 91 stones
 r - 67 sling bullets
 x - 7 boomerangs (quivered)
Armour
 b - a +0 animal skin (worn)
Wands
 t - a wand of enslavement (9)
 u - a wand of acid (11)
Scrolls
 d - 5 scrolls of identify {unknown}
 h - a scroll of fog {unknown}
 j - 3 scrolls of remove curse {unknown}
 o - 2 scrolls of amnesia {unknown}
 p - a scroll of blinking {unknown}
 q - 3 scrolls of enchant weapon {unknown}
 v - a scroll of vulnerability {unknown}
 y - a scroll of teleportation {unknown}
Potions
 e - a potion of haste {unknown}
 f - a potion of degeneration {unknown}
 i - a potion of heal wounds {unknown}
 k - a potion of magic {unknown}
 l - 4 potions of curing {unknown}
 m - 2 potions of resistance {unknown}
 n - a potion of berserk rage {unknown}
 s - a potion of agility
Comestibles
 c - 12 rations
 w - 17 chunks of flesh


   Skills:
 + Level 6.0 Fighting
 * Level 7.3 Axes
 + Level 5.3 Armour
 + Level 4.8 Dodging


You had 6 spell levels left.
You didn't know any spells.
Your spell library was empty.

Dungeon Overview and Level Annotations

Branches:
Dungeon (5/15)             Temple (1/1) D:4

Altars:
Ashenzari
Cheibriados
Dithmenos
Elyvilon
Gozag
Hepliaklqana
Makhleb
Nemelex Xobeh
Okawaru
Ru
Sif Muna
Trog
Uskayaw
Vehumet
Wu Jian
Xom
Yredelemnul
Zin


Innate Abilities, Weirdness & Mutations

You reflexively headbutt those who attack you in melee.
You have a pair of horns on your head.


Message History

You headbutt the iguana.
You kill the iguana!
Trog accepts your kill.
You feel sick.
The centaur wields a +0 shortbow.
The centaur shoots an arrow.
The arrow misses you.
Things that are here:
an iguana corpse; a worker ant corpse You feel sick.
You feel sick.
You see here a jackal skeleton.
You feel sick.
The centaur shoots an arrow.
The arrow barely misses you.
You feel sick.
You see here a jackal skeleton.
You feel sick.
The centaur shoots an arrow.
The arrow barely misses you.
You see here an arrow.
The centaur shoots an arrow.
The arrow hits you.
* * * LOW HITPOINT WARNING * * *
The centaur shoots an arrow.
The arrow hits you!
You die...

▓▓▓▓▓▓▓ ...▓ ....▓.^...▓
...▓.....▓..††.▓
▓.$▓..▓..▓..▓..▓
▓..▓..▓..▓..▓.c▓
▓..Z..▓.....▓o.▓
▓.....▓Z....▓..▓
▓▓▓▓▓▓▓▓▓▓▓▓▓▓▓▓▓▓▓▓▓▓÷.▓
▓...........@.(o÷.......▓ ▓..
▓................c...(..▓ ..>
▓.▓▓▓▓▓▓▓▓▓▓▓▓▓▓▓▓▓▓▓▓..▓▓ ▓.
▓.▓ .....▓.....▓ ....▓[.▓.▓▓.
▓▓.▓......▓.....▓.....▓..▓....
▓..▓+▓▓▓..▓..▓..▓..▓..▓..▓ ▓..
▓..▓ ▓..▓..▓..▓..▓..▓..▓▓▓▓.
▓..▓ ▓.Y...▓.....▓.....▓.▓▓.
▓..▓ ▓... ▓....


You could see a centaur and an orc.

Vanquished Creatures
  A wyvern (D:5)
  2 ogres (D:4)
  2 crimson imps (D:5)
  A centaur skeleton (D:3)
  4 orc wizards
  2 iguanas
  5 worker ants
  A hound zombie (D:5)
  6 adders
  An ooze (D:2)
  2 worms
  2 dart slugs
  A leopard gecko (D:4)
  13 orcs
  A ball python (D:3)
  4 bats
  3 giant cockroaches
  6 goblins
  9 hobgoblins
  19 jackals
  2 kobolds (D:3)
  4 quokkas
  A ball python skeleton (D:5)
  A frilled lizard (D:4)
  A jackal zombie (D:5)
  A quokka skeleton (D:4)
  7 rats
102 creatures vanquished.

Notes
Turn   | Place    | Note
-------+----------+-------------------------------------------
     0 | D:1      | Dragon00 the Minotaur Berserker began the quest for the
                  | Orb.
     0 | D:1      | Reached XP level 1. HP: 19/19 MP: 0/0
   237 | D:1      | Reached XP level 2. HP: 23/27 MP: 1/1
   475 | D:1      | You fall into a shaft and drop 1 floor!
   491 | D:2      | Reached skill level 4 in Axes
   920 | D:2      | Reached XP level 3. HP: 33/33 MP: 2/2
  1164 | D:2      | Reached ** piety under Trog
  1641 | D:3      | Reached XP level 4. HP: 33/41 MP: 3/3
  2366 | D:3      | Reached XP level 5. HP: 32/47 MP: 4/4
  2477 | D:4      | Noticed an ogre
  2483 | D:4      | Killed an ogre
  2483 | D:4      | Reached skill level 5 in Axes
  3122 | D:4      | Found a staircase to the Ecumenical Temple.
  3129 | Temple   | Entered the Ecumenical Temple
  3407 | D:4      | Reached XP level 6. HP: 53/55 MP: 5/5
  3411 | D:4      | Reached skill level 5 in Fighting
  3720 | D:4      | Identified the +5 long sword of Lanoiq {slice, +Inv rN+}
  3733 | D:4      | Reached skill level 6 in Axes
  4002 | D:4      | Reached XP level 7. HP: 35/61 MP: 6/6
  4376 | D:5      | Entered Level 5 of the Dungeon
  4584 | D:5      | Reached skill level 5 in Armour
  4661 | D:5      | Noticed a wyvern
  4664 | D:5      | Reached *** piety under Trog
  4691 | D:5      | Killed a wyvern
  4691 | D:5      | Reached skill level 7 in Axes
  4714 | D:5      | Shot with an arrow by a centaur

Levels and vault maps discovered:
D:1:      giann_bridges, layout_basic
D:2:      layout_rooms, nicolae_overflow_hidden_temple,
          kennysheep_generic_room_11
D:3:      layout_loops_ring
D:4:      layout_loops_ring, minmay_temple_entry_tees, skrybe_limestone_x
D:5:      kennysheep_windowed_halls, layout_cave_pools, first_ration,
          moated_statue
Temple:   dpeg_five_rooms_temple

Skill      XL: |  1  2  3  4  5  6  7 |
---------------+----------------------+-----
Fighting       | 4 5 6 |  6.0
Axes           | 4 5 6 7 |  7.3
Armour         | 3 4 5 |  5.3
Dodging        | 3 4 |  4.8

Action                   |  1- 3 |  4- 6 |  7- 9 || total
-------------------------+-------+-------+-------++-------
Melee: Hand axe          |    81 |    47 |       ||   128
       Headbutt          |     9 |    19 |     5 ||    33
       War axe           |       |    46 |    56 ||   102
Throw: Stone             |    58 |    58 |    14 ||   130
       Boomerang         |       |       |     4 ||     4
Invok: Berserk           |       |     2 |       ||     2
       Trog's Hand       |       |     3 |     1 ||     4
  Eat: Chunk             |     2 |     7 |     3 ||    12
       Ration            |       |     1 |       ||     1
Armor: Animal skin       |    10 |     6 |     8 ||    24
Dodge: Dodged            |    57 |    47 |    39 ||   143

Table legend:
 A = Non-vault XP
 B = Vault XP
 C = Vault XP percentage of total XP
 D = Non-vault monster count
 E = Vault monster count
 F = Vault count percentage of total count
                 A         B        C        D         E       F
            +---------+---------+-------+---------+---------+-------
      Total |     955 |     271 |  22.1 |      98 |       4 |   3.9
            +---------+---------+-------+---------+---------+-------
        D:1 |      19 |       0 |   0.0 |      10 |       0 |   0.0
        D:2 |      61 |       1 |   1.6 |      23 |       1 |   4.2
        D:3 |     115 |       0 |   0.0 |      18 |       0 |   0.0
        D:4 |     537 |       0 |   0.0 |      26 |       0 |   0.0
        D:5 |     223 |     270 |  54.8 |      21 |       3 |  12.5
            +---------+---------+-------+---------+---------+-------
